[Event "Team 45 45 League T30"]
[Site "Internet Chess Club"]
[Date "2006.04.24"]
[Round "5"]
[White "JimGaming"]
[Black "t-hobbes"]
[Result "1-0"]
[WhiteElo "1260"]
[BlackElo "1288"]
[TimeControl "2700+45"]

1. e4 e5 2. Nf3 Nc6 3. Bb5 Bd6 4. c3 Nf6 5. O-O Nxe4 6. Re1 f5 7. d4 exd4 8.
cxd4 O-O 9. a3 Na5 10. Nbd2 Re8 11. Nf1 c5 12. d5 c4 13. Be3 a6 14. Ba4 b5 15.
Bc2 Qf6 16. Bd4 Qg6 17. b4 Nb3 18. Bxb3 cxb3 19. Qxb3 Kh8 20. Rac1 Bb7 21. Rc2
Re7 22. Bc5 Nxc5 23. bxc5 Rxe1 24. Nxe1 Be5 25. Nf3 Bf6 26. Qd3 Rd8 27. Re2 d6
28. c6 Bc8 29. Rc2 Qh5 30. Ng3 Qg4 31. h3 Qa4 32. Nxf5 Rf8 33. Nxd6 b4 34. axb4
Qa1+ 35. Kh2 Be5+ 36. Nxe5 Qxe5+ 37. Qg3 Qxd5 38. Nxc8 Rxc8 39. Qf3 Qd6+ 40. g3
Qxb4 41. Qd5 a5 42. c7 a4 43. Qd7 Qb7 44. Qxa4 Ra8 45. Qd7 Rc8 46. Qd8+ Rxd8 47.
cxd8=Q# {Black checkmated} 1-0  aics%

[Event "Team 45 45 League T30"]
[Site "Internet Chess Club"]
[Date "2006.04.24"]
[Round "5"]
[White "Orforded"]
[Black "Hastings"]
[Result "0-1"]
[WhiteElo "1121"]
[BlackElo "1312"]
[TimeControl "2700+45"]

1. e4 e5 2. Nf3 Nc6 3. Bc4 Nf6 4. Ng5 d5 5. exd5 Na5 6. Bb5+ c6 7. dxc6 bxc6 8.
Bd3 h6 9. Ne4 Nxe4 10. Bxe4 Bc5 11. Qe2 O-O 12. a3 f5 13. b4 Bxf2+ 14. Kxf2
fxe4+ 15. Ke1 Nb7 16. Qxe4 Qf6 17. Bb2 Bf5 18. Qc4+ Be6 19. Qxc6 Qf2+ 20. Kd1
Bg4+ 21. Kc1 Qf1+ 22. Rxf1 Rxf1# {White checkmated} 0-1  aics%

[Event "Team 45 45 League T30"]
[Site "Internet Chess Club"]
[Date "2006.04.22"]
[Round "5"]
[White "Cataclysm"]
[Black "jeffk"]
[Result "0-1"]
[WhiteElo "1112"]
[BlackElo "1235"]
[TimeControl "2700+45"]

1. d4 e6 2. Nf3 d5 3. Bg5 Be7 4. Qd2 Nf6 5. Bxf6 Bxf6 6. e3 c5 7. c3 Qb6 8. Ne5
Bxe5 9. dxe5 Nc6 10. f4 c4 11. Be2 O-O 12. O-O Ne7 13. g4 Bd7 14. Rf3 Bc6 15.
Rh3 g6 16. Bf3 Rad8 17. Na3 f6 18. Qg2 Qxe3+ 19. Qf2 Qxf4 20. Qh4 Rf7 21. exf6
Qxf6 22. Qxf6 Rxf6 23. Nc2 e5 24. g5 Rf4 25. Rg3 d4 26. Bg4 Bd7 27. Bxd7 Rxd7
28. Nb4 Nd5 29. Re1 Nxb4 30. Rxe5 Nc2 31. cxd4 Rdxd4 32. Re7 Rg4 33. Rxb7 Rxg3+
34. hxg3 Rd1+ 35. Kf2 Nd4 36. Rxa7 Rb1 37. Ke3 Nf5+ 38. Kf3 Rxb2 39. Rc7 Rc2 40.
a4 Nd4+ 41. Kf4 Ne6+ 42. Ke5 Nxc7 43. a5 c3 44. Kd6 Na6 45. Kc6 Ra2 46. Kb6 c2
{White resigns} 0-1  aics%

[Event "Team 45 45 League T30"]
[Site "Internet Chess Club"]
[Date "2006.04.22"]
[Round "5"]
[White "martineden"]
[Black "MPknight"]
[Result "1-0"]
[WhiteElo "1890"]
[BlackElo "1566"]
[TimeControl "2700+45"]

1. d4 d5 2. c4 c6 3. Nf3 Nf6 4. cxd5 cxd5 5. Nc3 Nc6 6. Bf4 Bf5 7. Nb5 Qa5+ 8.
Nc3 Ne4 9. Qb3 Nxc3 10. bxc3 e6 11. e3 Be7 12. Be2 Qa3 13. O-O Qxb3 14. axb3 f6
15. Rfc1 a6 16. c4 Kd7 17. cxd5 exd5 18. Ne1 Bd6 19. Bxd6 Kxd6 20. g4 Bg6 21.
Ng2 Rac8 22. Nf4 Bf7 23. Nd3 Rc7 24. Bf3 Re8 25. Nf4 g5 26. Nd3 Ree7 27. Rc5 b6
28. Rcc1 a5 29. Nb2 Na7 30. Na4 Nc8 31. Nc3 Rc6 32. e4 Na7 33. exd5 Rcc7 34. Ra2
Bg6 35. Re2 Rxe2 36. Bxe2 h6 37. Kg2 Kd7 38. Bc4 Kd6 39. Re1 Re7 40. Re6+ Rxe6
41. dxe6 Nc8 42. Kf3 f5 43. Nb5+ Kc6 44. gxf5 Bxf5 45. d5+ Kc5 46. Nc3 Nd6 47.
Na4+ Kd4 48. Nxb6 Nxc4 49. bxc4 a4 50. Nxa4 Kxc4 51. e7 Bg6 52. d6 Be8 53. Nb6+
Kc5 54. d7 {Black resigns} 1-0  aics%

[Event "Team 45 45 League T30"]
[Site "Internet Chess Club"]
[Date "2006.04.23"]
[Round "5"]
[White "john-beebs"]
[Black "Kaseirovski"]
[Result "0-1"]
[WhiteElo "1533"]
[BlackElo "1675"]
[TimeControl "2700+45"]

1. e4 d6 2. d4 Nf6 3. Nc3 g6 4. Nf3 Bg7 5. Bc4 c6 6. Bb3 b5 7. a3 O-O 8. O-O
Nbd7 9. Re1 e5 10. dxe5 dxe5 11. Qd6 Bb7 12. Nxe5 Nxe5 13. Qxe5 Nd5 14. Qg5 Qxg5
15. Bxg5 Nxc3 16. Re3 Na4 17. e5 Nxb2 18. e6 Nc4 19. e7 Rfe8 20. Rd1 Nxe3 21.
fxe3 h6 22. Rf1 hxg5 23. Rxf7 Kh7 {White resigns} 0-1  aics%

[Event "Team 45 45 League T30"]
[Site "Internet Chess Club"]
[Date "2006.04.19"]
[Round "5"]
[White "tryanything"]
[Black "charles-allen"]
[Result "0-1"]
[WhiteElo "1528"]
[BlackElo "1567"]
[TimeControl "2700+45"]

1. e4 d5 2. exd5 Nf6 3. d4 Bg4 4. Be2 Bxe2 5. Nxe2 Qxd5 6. O-O Nc6 7. Nbc3 Qh5
8. Nf4 Qf5 9. Be3 O-O-O 10. Nce2 Nd5 11. Ng3 Nxe3 12. fxe3 Qb5 13. b3 e6 14. c4
Qa5 15. Qf3 g5 16. Nfh5 f5 17. d5 g4 18. Qf4 Bd6 19. Qh6 exd5 20. Qe6+ Kb8 21.
Nxf5 dxc4 22. Qxc4 Ne5 23. Qe2 Nf3+ 24. Rxf3 gxf3 25. Qxf3 Rhf8 26. g4 Bxh2+ 27.
Kf1 Rd2 28. e4 Qc5 {White resigns} 0-1  aics%

[Event "Team 45 45 League T30"]
[Site "Internet Chess Club"]
[Date "2006.04.23"]
[Round "5"]
[White "BraafPaard"]
[Black "klassact"]
[Result "1-0"]
[WhiteElo "1508"]
[BlackElo "1300"]
[TimeControl "2700+45"]

1. e4 e5 2. f4 Nc6 3. Nf3 d6 4. h3 Bd7 5. Bc4 h6 6. Nc3 Nf6 7. g4 Na5 8. Be2
exf4 9. d4 g5 10. Bd2 Qe7 11. Nd5 Nxd5 12. exd5 Nc4 13. b3 Nxd2 14. Qxd2 O-O-O
15. O-O-O f5 16. Rde1 Qf6 17. Nh2 Bg7 18. c3 Rde8 19. gxf5 Bxf5 20. Bg4 Kb8 21.
Rxe8+ Rxe8 22. Re1 Re7 23. Rxe7 {Black resigns} 1-0  aics%

[Event "Team 45 45 League T30"]
[Site "Internet Chess Club"]
[Date "2006.04.21"]
[Round "5"]
[White "twinders"]
[Black "MoluscoGrotesco"]
[Result "1-0"]
[WhiteElo "1699"]
[BlackElo "1863"]
[TimeControl "2700+45"]

1. d4 e6 2. Nf3 d5 3. c4 c6 4. Nc3 Nf6 5. Bg5 Be7 6. cxd5 cxd5 7. e3 O-O 8. Bd3
a6 9. O-O h6 10. Bh4 b5 11. a3 Bb7 12. Bxf6 Bxf6 13. e4 dxe4 14. Bxe4 Bxe4 15.
Nxe4 Nd7 16. Nxf6+ Qxf6 17. Re1 Rfd8 18. Qb3 Rac8 19. Rad1 Qg6 20. d5 exd5 21.
Rxd5 Nb6 22. Rxd8+ Rxd8 23. h3 Rd3 24. Re8+ Kh7 25. Qc2 Rd6 26. Qxg6+ Kxg6 27.
Re7 Kf6 28. Re2 Nc4 29. g4 g5 30. Kg2 Re6 31. Rc2 Re4 32. Nd2 Re2 33. b3 Rxd2
34. Rc3 Nxa3 35. Rc6+ Ke7 36. Rxa6 Nc2 37. Rxh6 Nd4 38. Rb6 Rb2 39. Rb7+ Kf6 40.
Rd7 Nxb3 41. Rd6+ Kg7 42. Rd5 Nd2 43. Rxg5+ Kf6 44. Rf5+ Ke6 45. h4 b4 46. h5
Ne4 47. h6 Rxf2+ 48. Rxf2 Nxf2 49. h7 Nxg4 50. h8=Q Ne3+ 51. Kf3 Nd5 52. Qb8 Kf5
53. Qb7 Ke6 54. Ke4 f5+ 55. Kd4 Ne7 56. Kc5 f4 57. Qxb4 Kf5 58. Qe1 Ng6 59. Kd4
Kg4 60. Ke4 Kg5 61. Qg1+ Kf6 62. Qg4 Kf7 63. Kf5 Ne7+ 64. Kxf4 Ng6+ 65. Ke4 Ne7
66. Ke5 Ng6+ 67. Kd6 Kf6 68. Qe6+ Kg5 69. Kc5 Nf4 70. Qe3 Kf5 71. Kd4 Ne6+ 72.
Kd3 Nf4+ 73. Kd2 Ne6 74. Qe1 Kf6 75. Kd3 Nc5+ 76. Kd4 Ne6+ 77. Kd5 Nf4+ 78. Kd6
Kf5 79. Qe5+ Kg4 80. Qf6 Ng2 81. Ke5 Kg3 82. Ke4 Nh4 83. Qf4+ Kh3 84. Qg5 Ng2
85. Kf3 Ne1+ 86. Kf2 Nd3+ 87. Kg1 Nf4 88. Qg8 Kh4 89. Kh2 Nh5 90. Kg2 Nf4+ 91.
Kf3 {Black resigns} 1-0  aics%

[Event "Team 45 45 League T30"]
[Site "Internet Chess Club"]
[Date "2006.04.30"]
[Round "5"]
[White "kamu"]
[Black "Aquaman"]
[Result "1-0"]
[WhiteElo "1641"]
[BlackElo "1581"]
[TimeControl "2700+45"]

1. d4 Nf6 2. c4 d6 3. Nc3 c6 4. e4 Nbd7 5. Nf3 e5 6. Be2 Be7 7. O-O O-O 8. Re1
a6 9. a3 b5 10. Bf1 h6 11. h3 Re8 12. b4 Qc7 13. Ra2 bxc4 14. Bxc4 Nb6 15. Bb3
Bb7 16. Rd2 c5 17. bxc5 dxc5 18. dxc5 Qxc5 19. Nd5 Nbxd5 20. exd5 Bxd5 21. Bxd5
Rab8 22. Rxe5 Kf8 23. Bxf7 Qc7 24. Bxe8 Kxe8 25. Bb2 Rb3 26. Rxe7+ Kxe7 27. Qxb3
Kf8 28. Bxf6 gxf6 29. Qd3 Qc1+ 30. Rd1 Qc5 31. Qd6+ Qxd6 32. Rxd6 {Black
resigns} 1-0  aics%

[Event "Team 45 45 League T30"]
[Site "Internet Chess Club"]
[Date "2006.04.21"]
[Round "5"]
[White "mwm913"]
[Black "pumba"]
[Result "0-1"]
[WhiteElo "1307"]
[BlackElo "1503"]
[TimeControl "2700+45"]

1. e4 e6 2. Nf3 d5 3. exd5 Qxd5 4. Nc3 Qa5 5. d4 Nf6 6. Bd2 c6 7. Bd3 Nbd7 8.
O-O Qc7 9. Ne2 Bd6 10. h3 e5 11. Bc3 e4 12. Bxe4 Nxe4 13. Re1 Ndf6 14. Ng3 Bxg3
15. fxg3 Qxg3 16. Nd2 Bxh3 17. Qe2 O-O 18. Nf1 Qg5 19. Qf3 Bg4 20. Qd3 Rfe8 21.
Nh2 Qh4 22. Rf1 Ng3 23. Rf2 Ne2+ 24. Rxe2 Rxe2 25. Be1 Rxe1+ 26. Rxe1 Qxe1+ 27.
Nf1 Be2 28. Qf5 Ng4 {White forfeits on time} 0-1  aics%

[Event "Team 45 45 League T30"]
[Site "Internet Chess Club"]
[Date "2006.04.22"]
[Round "5"]
[White "Trixi"]
[Black "NineMilly"]
[Result "1-0"]
[WhiteElo "1441"]
[BlackElo "1209"]
[TimeControl "2700+45"]

1. e4 e6 2. d4 d5 3. exd5 Qxd5 4. Nf3 Bb4+ 5. c3 Qe4+ 6. Be2 Bd6 7. O-O Nf6 8.
Re1 Qf5 9. Be3 Bf4 10. Bd3 Qg4 11. h3 Qh5 12. Bxf4 Qa5 13. b4 Qb6 14. Be5 Nbd7
15. Bf4 c6 16. Ne5 Nxe5 17. Bxe5 Qd8 18. Qf3 O-O 19. Qg3 Nh5 20. Qg4 f6 21. Qxh5
g6 22. Bxg6 hxg6 23. Qxg6+ Kh8 24. Bf4 Qe7 25. Re3 e5 26. Qh6+ Qh7 27. Qxf8+ Qg8
28. Qxf6+ Qg7 29. Qd8+ Qg8 30. Bxe5+ Kh7 31. Qc7+ Kg6 32. Rg3+ Bg4 33. Rxg4+ Kf5
34. Rxg8 Rxg8 35. Qf7+ Ke4 36. f3+ Ke3 37. Qxg8 a5 38. Qg5+ Kd3 39. Qf5+ Kc4 40.
bxa5 b5 41. Qc2 b4 42. cxb4+ Kb5 43. Qc5+ Ka4 44. Nc3+ Ka3 45. b5+ Kb2 46. Rb1+
Kc2 47. Qc4 Kd2 48. Rb2+ Kc1 49. Na4+ {Black resigns} 1-0  aics%

[Event "Team 45 45 League T30"]
[Site "Internet Chess Club"]
[Date "2006.04.23"]
[Round "5"]
[White "Wheels"]
[Black "parrot9"]
[Result "0-1"]
[WhiteElo "1572"]
[BlackElo "1787"]
[TimeControl "2700+45"]

1. e4 c5 2. Nf3 d6 3. d4 cxd4 4. Nxd4 Nf6 5. Nc3 a6 6. g3 b5 7. Bg2 Bb7 8. O-O
Nbd7 9. Bg5 h6 10. Be3 e6 11. Nb3 b4 12. Ne2 Bxe4 13. Bxe4 Nxe4 14. Qd4 d5 15.
f3 Nef6 16. Nf4 e5 17. Qd3 exf4 18. Bxf4 Bc5+ 19. Nxc5 Nxc5 20. Qe3+ Ne6 21.
Rad1 O-O 22. Bxh6 gxh6 23. Qxh6 Rc8 24. Rf2 Nh7 25. Re1 Qf6 26. Qh5 Rfd8 27. Rd1
Qxb2 28. c4 Qa3 29. cxd5 Rc1 30. Rxc1 Qxc1+ 31. Rf1 Qe3+ 32. Kg2 Qg5 33. Qxg5+
Nexg5 34. Rd1 Nf6 35. d6 Ne6 36. Kf2 Kf8 37. Ke3 Ke8 38. h4 Rc8 39. g4 Rc3+ 40.
Kf2 Rc2+ 41. Kg3 Rxa2 42. h5 b3 43. f4 Kd7 44. f5 Ne4+ 45. Kf3 N6g5+ 46. Kf4
Rf2+ 47. Ke5 f6+ 48. Kd4 Rf4 {White resigns} 0-1  aics%

[Event "Team 45 45 League T30"]
[Site "Internet Chess Club"]
[Date "2006.04.22"]
[Round "5"]
[White "Invicta-Knight"]
[Black "Zyme"]
[Result "1-0"]
[WhiteElo "1504"]
[BlackElo "1463"]
[TimeControl "2700+45"]

1. e4 e6 2. d4 d5 3. e5 c5 4. c3 Nc6 5. Nf3 Bd7 6. Bd3 cxd4 7. cxd4 Qb6 8. Bc2
Nb4 9. a3 Nxc2+ 10. Qxc2 Rc8 11. Qd2 Bb5 12. Nc3 Ba6 13. b4 Nh6 14. Rb1 Bc4 15.
Na4 Qc6 16. Qc2 Nf5 17. Nb2 Be7 18. Nxc4 Qxc4 19. Qxc4 Rxc4 20. Bb2 O-O 21. Rc1
Rfc8 22. Rxc4 Rxc4 23. Kd2 Bd8 24. Rc1 Rxc1 25. Bxc1 g6 26. Kc3 Kg7 27. a4 Ne7
28. g4 Nc6 29. g5 Be7 30. Ba3 h6 31. h4 a5 32. gxh6+ Kxh6 33. Bc1+ Kh5 34. b5
Nb4 35. Ba3 Kg4 36. Ng5 Kxh4 37. Nxf7 Kg4 38. Nd6 Kf3 39. Nxb7 Na2+ 40. Kb2
Bxa3+ 41. Kxa3 Nc3 42. b6 Kxf2 43. Nxa5 g5 44. b7 Nb5+ 45. axb5 g4 46. b8=Q g3
47. Qg8 g2 48. Qxg2+ Kxg2 49. b6 Kf3 50. b7 Ke4 51. Nc6 Kd3 52. b8=Q {Black
resigns} 1-0  aics%

[Event "Team 45 45 League T30"]
[Site "Internet Chess Club"]
[Date "2006.04.25"]
[Round "5"]
[White "smitty120"]
[Black "Chessnut"]
[Result "0-1"]
[WhiteElo "1655"]
[BlackElo "1946"]
[TimeControl "2700+45"]

1. e4 e5 2. Nf3 Nc6 3. Bb5 a6 4. Ba4 Nf6 5. O-O Be7 6. Re1 b5 7. Bb3 O-O 8. a4
Bb7 9. c3 d6 10. h3 Na5 11. Bc2 c5 12. d4 Qc7 13. d5 c4 14. Be3 Bc8 15. Nbd2 Bd7
16. Nf1 Nb3 17. Bxb3 cxb3 18. Qxb3 Nxe4 19. axb5 Bxb5 20. N1d2 Nxd2 21. Nxd2 f5
22. c4 Bd7 23. Qc3 f4 24. Bxf4 Rxf4 25. g3 Rf7 26. Kg2 Raf8 27. Ne4 Bf5 {White
resigns} 0-1  aics%

[Event "Team 45 45 League T30"]
[Site "Internet Chess Club"]
[Date "2006.04.23"]
[Round "5"]
[White "RingLord"]
[Black "BorgCollective"]
[Result "0-1"]
[WhiteElo "1639"]
[BlackElo "1793"]
[TimeControl "2700+45"]

1. e4 d5 2. exd5 Nf6 3. d4 Nxd5 4. c4 Nb6 5. Nf3 Bg4 6. c5 Nd5 7. Bc4 Nc6 8. Be3
e5 9. dxe5 Nxe5 10. Bxd5 Bxf3 11. Bxf3 Qxd1+ 12. Bxd1 Nd3+ 13. Ke2 O-O-O 14. Bb3
Bxc5 15. Bxf7 Rhf8 16. Bxc5 Nxc5 17. Bc4 Rfe8+ 18. Kf3 Rf8+ 19. Ke3 Rfe8+ 20.
Kf4 Rd4+ 21. Kg3 Ne4+ 22. Kf3 Rxc4 23. g3 Rc2 24. Nc3 Nxf2 25. Rhf1 Rf8+ 26. Kg2
Nd1+ 27. Kg1 Rxf1+ 28. Kxf1 Nxb2 29. Ne2 Kd7 30. h4 Nc4 31. Rc1 Ne3+ 32. Kf2
Ng4+ 33. Kf3 Ne5+ 34. Ke3 Rxa2 35. Rd1+ Kc8 36. Nf4 a5 37. Ne6 Ra3+ 38. Ke4 Nd7
39. Rd3 Ra1 40. Nxg7 Nc5+ {White resigns} 0-1  aics%

[Event "Team 45 45 League T30"]
[Site "Internet Chess Club"]
[Date "2006.04.30"]
[Round "5"]
[White "BartL"]
[Black "jacknor"]
[Result "1-0"]
[WhiteElo "1622"]
[BlackElo "1533"]
[TimeControl "2700+45"]

1. e4 e6 2. d4 d5 3. Nc3 Nf6 4. Bg5 Be7 5. e5 Nfd7 6. Bxe7 Qxe7 7. Qg4 f6 8. f4
b6 9. a3 f5 10. Qg3 a6 11. Nf3 Bb7 12. Ng5 Nc6 13. O-O-O O-O-O 14. h4 h6 15. Nf3
Rdg8 16. Be2 Nf8 17. Kb1 g6 18. Qf2 Nh7 19. Qf1 Nb8 20. Qf2 g5 21. hxg5 hxg5 22.
fxg5 Nxg5 23. Nxg5 Qxg5 24. Rxh8 Rxh8 25. Rg1 Nc6 26. Nd1 Qh4 27. c3 Na5 28. g4
Qxf2 29. Nxf2 Rh2 30. Rf1 fxg4 31. Bxg4 Kd7 32. Nh3 Nc4 33. Rf7+ Kd8 34. Bxe6
Rxb2+ 35. Ka1 Rb3 36. Rd7+ Ke8 37. Rxc7 Rxa3+ 38. Kb1 Ba8 39. Ng5 Nd2+ 40. Kb2
Nc4+ 41. Rxc4 dxc4 42. Kxa3 b5 43. Kb4 Bc6 44. Bc8 {Black resigns} 1-0  aics%

[Event "Team 45 45 League T30"]
[Site "Internet Chess Club"]
[Date "2006.04.21"]
[Round "5"]
[White "fledermaus"]
[Black "gule"]
[Result "1-0"]
[WhiteElo "2064"]
[BlackElo "1890"]
[TimeControl "2700+45"]

1. d4 Nf6 2. Nf3 d5 3. c4 dxc4 4. Nc3 e6 5. e4 Bb4 6. Bg5 Bxc3+ 7. bxc3 h6 8.
Bxf6 gxf6 9. Bxc4 Nd7 10. O-O Ke7 11. Nh4 Qg8 12. f4 h5 13. Be2 b6 14. c4 Bb7
15. Bf3 Qh7 16. e5 Be4 17. f5 Bxf3 18. Qxf3 Qh6 19. Rae1 Qd2 20. fxe6 Qxd4+ 21.
Kh1 Qxh4 22. exd7 Kxd7 23. Qd5+ {Black resigns} 1-0  aics%

[Event "Team 45 45 League T30"]
[Site "Internet Chess Club"]
[Date "2006.04.24"]
[Round "5"]
[White "Budzo"]
[Black "Winclick"]
[Result "1-0"]
[WhiteElo "1772"]
[BlackElo "1729"]
[TimeControl "2700+45"]

1. Nf3 e6 2. c4 c5 3. Nc3 Nf6 4. g3 b6 5. Bg2 Bb7 6. O-O Be7 7. d4 cxd4 8. Qxd4
h6 9. Nb5 d5 10. cxd5 Bxd5 11. Bf4 Na6 12. Rfc1 O-O 13. Nc3 Bc5 14. Qd2 Ne4 15.
Nxe4 Bxe4 16. Qxd8 Raxd8 17. Rd1 g5 18. Be5 f6 19. Rxd8 Rxd8 20. Bxf6 Rd5 21.
Bc3 Bb4 22. Bxb4 Nxb4 23. a3 Nc6 24. Rc1 Rd6 25. Ne1 Bxg2 26. Kxg2 a5 27. Nd3
Kf7 28. Rxc6 Rxc6 29. Ne5+ Ke7 30. Nxc6+ Kd6 31. Nd4 Kd5 32. Nc2 Kc4 33. Ne1 Kb3
34. Nd3 e5 35. Kf3 Kc2 36. Ke3 b5 37. h4 e4 38. Kxe4 Kd2 39. hxg5 hxg5 40. e3
Kc2 41. Kd4 Kd2 42. e4 {Black resigns} 1-0  aics%

[Event "Team 45 45 League T30"]
[Site "Internet Chess Club"]
[Date "2006.04.23"]
[Round "5"]
[White "Sean"]
[Black "bonecore"]
[Result "0-1"]
[WhiteElo "1586"]
[BlackElo "1723"]
[TimeControl "2700+45"]

1. c4 e6 2. g3 d5 3. Bg2 Nf6 4. cxd5 exd5 5. d4 Bf5 6. Nf3 Nc6 7. Nc3 Nb4 8.
Qa4+ c6 9. Kd2 b5 10. Qb3 Bc2 11. Qa3 a5 12. Nxb5 Ne4+ 13. Ke1 Nd3+ 14. exd3
Bxa3 15. Nxa3 Bxd3 16. Ne5 Bb5 17. Nxb5 cxb5 18. Be3 O-O 19. Bh3 f6 20. Nd3 Re8
21. Ke2 Qe7 22. Rhe1 g5 23. Bf5 Nd6 24. Bh3 Nc4 25. Kd1 Qe4 26. Kc2 Nxe3+ 27.
Rxe3 Qxd4 28. Rae1 Rxe3 29. Rxe3 g4 30. Bf1 Qc4+ 31. Kb1 Rc8 32. a3 Qc2+ 33. Ka2
Qc4+ 34. Kb1 b4 35. axb4 axb4 36. Re1 Qc2+ 37. Ka1 Ra8# {White checkmated} 0-1 
aics%

[Event "Team 45 45 League T30"]
[Site "Internet Chess Club"]
[Date "2006.04.23"]
[Round "5"]
[White "BorgCollective"]
[Black "GoIrish"]
[Result "1-0"]
[WhiteElo "1783"]
[BlackElo "1592"]
[TimeControl "2700+45"]

1. f4 c5 2. Nf3 Nf6 3. e3 g6 4. Be2 Bg7 5. O-O O-O 6. Nc3 Nc6 7. e4 d5 8. e5 Nd7
9. d4 e6 10. dxc5 Nxc5 11. Be3 b6 12. Qe1 Bb7 13. Nb5 f6 14. Nbd4 Nxd4 15. Bxd4
Rc8 16. a4 fxe5 17. Bxe5 Qe7 18. a5 bxa5 19. Rxa5 a6 20. Qb4 Bxe5 21. Nxe5 Qc7
22. Bg4 Rf6 23. Rxc5 Qxc5+ 24. Qxc5 Rxc5 25. Nd7 Rxc2 26. Nxf6+ Kg7 27. Ne8+ Kf8
28. Nd6 Bc6 29. b3 d4 30. Bf3 Bd7 31. Rd1 Rb2 32. Rd3 Ke7 33. Nc4 Rb1+ 34. Kf2
Bb5 35. Be4 a5 36. Rxd4 Rxb3 37. Nxa5 Rb2+ 38. Kg3 Ra2 39. Nc6+ Kf6 40. Ne5 Ra3+
41. Kh4 g5+ 42. Kh5 Be8+ 43. Kh6 gxf4 44. Ng4+ Ke7 45. Bxh7 f3 46. gxf3 Rxf3 47.
h4 Rh3 48. Kg5 Bd7 49. h5 Rg3 50. Bg6 e5 51. Rxd7+ Kxd7 52. h6 Ra3 53. h7 Ra8
54. Nxe5+ Ke6 55. Bf7+ Kxe5 56. Bg8 {Black forfeits on time} 1-0  aics%

[Event "Team 45 45 League T30"]
[Site "Internet Chess Club"]
[Date "2006.04.25"]
[Round "5"]
[White "Boromir"]
[Black "Gandalf"]
[Result "1-0"]
[WhiteElo "1892"]
[BlackElo "1817"]
[TimeControl "2700+45"]

1. e4 c6 2. d4 d5 3. Nc3 dxe4 4. Nxe4 Bf5 5. Ng3 Bg6 6. h4 h6 7. Nf3 Nd7 8. h5
Bh7 9. Bd3 Bxd3 10. Qxd3 Ngf6 11. Bd2 Qc7 12. O-O-O e6 13. Ne4 O-O-O 14. g3 Nxe4
15. Qxe4 Bd6 16. c4 c5 17. d5 Nf6 18. Qc2 exd5 19. cxd5 Rhe8 20. Bc3 Qd7 21.
Bxf6 gxf6 22. Kb1 Kb8 23. Nh4 Qg4 24. Nf5 Re2 25. Nxh6 Qf3 26. Qf5 Rxb2+ 27.
Kxb2 Be5+ 28. Kc1 Qa3+ 29. Kd2 Rxd5+ 30. Ke2 Qxa2+ 31. Kf3 Qb3+ 32. Kg2 Rxd1 33.
Rxd1 Qxd1 34. Ng4 Qd5+ 35. Kh3 Qh1+ 36. Nh2 Qc1 37. f4 Bxf4 38. Qxf4+ Qxf4 39.
gxf4 c4 40. Nf3 c3 41. Nd4 {Black resigns} 1-0  aics%

[Event "Team 45 45 League T30"]
[Site "Internet Chess Club"]
[Date "2006.04.25"]
[Round "5"]
[White "camembert"]
[Black "JohnnySP"]
[Result "1-0"]
[WhiteElo "1944"]
[BlackElo "1767"]
[TimeControl "2700+45"]

1. d4 Nf6 2. c4 g6 3. Nc3 d5 4. Bf4 Bg7 5. e3 c5 6. dxc5 Qa5 7. Qa4+ Qxa4 8.
Nxa4 Na6 9. Nf3 Nb4 10. Nd4 Nh5 11. a3 Nxf4 12. axb4 dxc4 13. Nb6 Rb8 14. Rxa7
Nd3+ 15. Bxd3 cxd3 16. Nxc8 Rxc8 17. Rxb7 e5 18. Nb5 Bf8 19. Kd2 e4 20. Ra1 f5
21. Ra6 g5 22. Nc7+ Kd8 23. Ne6+ Ke8 24. Nxg5 {Black resigns} 1-0  aics% 
MrPirulo(71): Ve con tu amigo el obeso aics%

[Event "Team 45 45 League T30"]
[Site "Internet Chess Club"]
[Date "2006.04.24"]
[Round "5"]
[White "martineden"]
[Black "Stav"]
[Result "1-0"]
[WhiteElo "1900"]
[BlackElo "1741"]
[TimeControl "2700+45"]

1. d4 Nf6 2. c4 c5 3. d5 e5 4. Nc3 d6 5. e4 Be7 6. Nf3 O-O 7. g3 Ne8 8. Bg2 g6
9. O-O Ng7 10. Ne1 f5 11. exf5 gxf5 12. Bh6 Bg5 13. Bxg5 Qxg5 14. f4 Qe7 15.
fxe5 Qxe5 16. Qd2 Nd7 17. b3 Qe7 18. Nd3 Ne5 19. Rae1 Bd7 20. Nxe5 dxe5 21. d6
Qf6 22. Ne4 Qd8 23. Nxc5 Qb6 24. Rxe5 Rae8 25. Rxe8 Qxc5+ 26. Qe3 Qxd6 27. Bd5+
Ne6 28. Rxf8+ Kxf8 29. Rxf5+ Ke7 30. Rh5 b6 31. Rxh7+ Kd8 32. Bxe6 Bxe6 33. Rxa7
Qd1+ 34. Kf2 Qc2+ 35. Kf3 Qd1+ 36. Ke4 Qc2+ 37. Qd3+ {Black resigns} 1-0  aics%

[Event "Team 45 45 League T30"]
[Site "Internet Chess Club"]
[Date "2006.04.22"]
[Round "5"]
[White "Rainbird"]
[Black "pokerram"]
[Result "0-1"]
[WhiteElo "1674"]
[BlackElo "1710"]
[TimeControl "2700+45"]

1. d4 Nf6 2. c4 g6 3. Nc3 d5 4. Bf4 Bg7 5. e3 dxc4 6. Bxc4 O-O 7. Nf3 a6 8. a4
Bf5 9. Qb3 Nbd7 10. Ng5 e5 11. Bxf7+ Kh8 12. dxe5 Nc5 13. Qd1 Nd3+ 14. Kf1 Ng4
15. Bg3 Qxg5 16. Bc4 Nxb2 17. Qb3 Nxc4 18. Qxc4 Nxe3+ {White resigns} 0-1  aics%

[Event "Team 45 45 League T30"]
[Site "Internet Chess Club"]
[Date "2006.04.24"]
[Round "5"]
[White "rss"]
[Black "DavidBarnsley"]
[Result "1/2-1/2"]
[WhiteElo "1814"]
[BlackElo "2021"]
[TimeControl "2700+45"]

1. e4 e6 2. d4 d5 3. exd5 exd5 4. Bd3 Nc6 5. c3 Bd6 6. Nf3 Bg4 7. O-O Nge7 8.
Bg5 Qd7 9. Nbd2 f6 10. Bh4 O-O-O 11. b4 Nf5 12. Qa4 Kb8 13. Bb5 g5 14. Bxc6 Qxc6
15. Qxc6 bxc6 16. Bg3 Nxg3 17. fxg3 Rhe8 18. Rae1 Kc8 19. Rxe8 Rxe8 20. Re1
Rxe1+ 21. Nxe1 Bd1 22. Kf2 {Game drawn by mutual agreement} 1/2-1/2  aics%

[Event "Team 45 45 League T30"]
[Site "Internet Chess Club"]
[Date "2006.04.20"]
[Round "5"]
[White "dondel"]
[Black "Chessnut"]
[Result "0-1"]
[WhiteElo "1667"]
[BlackElo "1941"]
[TimeControl "2700+45"]

1. e4 e5 2. Nf3 Nc6 3. Nc3 Nf6 4. Bb5 Bb4 5. Bxc6 dxc6 6. d3 Qe7 7. Bd2 O-O 8.
O-O Bg4 9. h3 Bh5 10. a3 Bc5 11. b4 Bd4 12. Rb1 a6 13. Qe1 Bxf3 14. gxf3 Nh5 15.
Ne2 Bb6 16. Be3 f5 17. Bxb6 cxb6 18. Kh2 fxe4 19. fxe4 Nf4 20. Nxf4 Rxf4 21. Rg1
Rf3 22. Rg3 Raf8 23. Rxf3 Rxf3 24. Qe2 Qf7 25. Rf1 Qh5 26. Qe1 Rxh3+ 27. Kg2
Qg4# {White checkmated} 0-1  aics%

[Event "Team 45 45 League T30"]
[Site "Internet Chess Club"]
[Date "2006.04.21"]
[Round "5"]
[White "burnsja2003"]
[Black "qs16"]
[Result "0-1"]
[WhiteElo "1716"]
[BlackElo "1731"]
[TimeControl "2700+45"]

1. d4 Nf6 2. c4 e6 3. Bg5 Be7 4. Nf3 d5 5. Nc3 O-O 6. e3 Nbd7 7. Bd3 dxc4 8.
Bxc4 c6 9. O-O Nd5 10. Bxe7 Qxe7 11. e4 Nxc3 12. bxc3 b6 13. e5 Bb7 14. Bb3 Rad8
15. Qe2 c5 16. Rfd1 Bxf3 17. Qxf3 cxd4 18. cxd4 Rc8 19. Rac1 Qa3 20. Rxc8 Rxc8
21. Qb7 Rd8 22. Qc7 Qe7 23. Rc1 Qg5 24. f4 Qe7 25. Qxa7 g6 26. Rc7 Qb4 27. Rc1
Qxd4+ 28. Kh1 Nc5 29. Qxb6 Nxb3 30. Qxb3 Qxf4 31. Qb2 Rd2 32. Qb8+ Kg7 33. a3
Ra2 34. Qc7 Rxa3 35. Qc5 Ra5 36. Qc3 Qxe5 37. Qxe5+ Rxe5 38. g3 Re2 39. h4 f5
40. Rc4 h6 41. Kg1 Kf6 42. Kf1 Rd2 43. Rc8 g5 44. hxg5+ hxg5 45. Rf8+ Kg7 46.
Re8 Kf7 47. Rh8 Kf6 48. Rh6+ Ke5 49. Rg6 g4 50. Rh6 Kd5 51. Rf6 Rd3 52. Kf2 Rf3+
53. Kg2 e5 54. Rf8 Ke4 55. Rb8 Rd3 56. Kf2 Rd2+ 57. Ke1 Rd4 58. Kf2 f4 59. gxf4
exf4 60. Re8+ Kd3 61. Rg8 f3 62. Kg3 Ke3 63. Rb8 Ke2 64. Re8+ Kf1 65. Rb8 Re4
66. Rh8 Kg1 67. Rf8 Re2 {White resigns} 0-1  aics%

[Event "Team 45 45 League T30"]
[Site "Internet Chess Club"]
[Date "2006.04.28"]
[Round "5"]
[White "achessman"]
[Black "Hazy"]
[Result "1/2-1/2"]
[WhiteElo "2031"]
[BlackElo "1831"]
[TimeControl "2700+45"]

1. e4 e5 2. Nf3 Nc6 3. Bb5 a6 4. Ba4 Nf6 5. O-O d6 6. Qe2 b5 7. Bb3 Na5 8. c3
Nxb3 9. axb3 Be6 10. b4 c6 11. d3 Be7 12. Ng5 O-O 13. f4 Bg4 14. Nf3 Nd7 15. f5
f6 16. Be3 d5 17. Nbd2 Nb6 18. Rfc1 dxe4 19. dxe4 Bh5 20. Qf2 Nc8 21. Nb3 Bf7
22. Nc5 a5 23. Rd1 Nd6 24. Nb7 Qb8 25. Nxd6 Bxd6 26. Rxa5 Bc7 27. Rxa8 Qxa8 28.
Bb6 Rd8 29. Rxd8+ Qxd8 30. Bxc7 Qxc7 31. Qc5 Qd7 32. Kf2 Bc4 33. Qe3 Qd1 34. Qd2
Qxd2+ 35. Nxd2 Bf7 36. Ke3 Kf8 37. g4 Ke7 38. h4 Kd6 39. Nf3 h6 40. Ne1 Bc4 41.
Nc2 Bf7 42. Na3 Kc7 43. Nc2 {Game drawn by mutual agreement} 1/2-1/2  aics%